 Dungeon Crawl Stone Soup version 0.28-b1-25-g9875b3fc8c (webtiles) character file.

Game seed: 5992588303833099187

58 crazypyro the Cudgeller (level 3, -1/29 HPs)
             Began as a Demonspawn Fighter on Feb 1, 2022.
             Succumbed to an adder's poison
             ... on level 2 of the Dungeon.
             The game lasted 00:02:02 (2061 turns).

crazypyro the Cudgeller (Demonspawn Fighter)        Turns: 2061, Time: 00:02:03

Health: -1/29      AC:  6    Str: 18    XL:     3   Next: 76%
Magic:  3/3        EV: 10    Int:  9    God:
Gold:   119        SH:  0    Dex: 12    Spells: 2/2 levels left

rFire   . . .      SeeInvis .   a - +0 flail
rCold   . . .      Faith    .   (no shield)
rNeg    . . .      Spirit   .   b - +0 scale mail
rPois   .          Reflect  .   (no helmet)
rElec   .          Harm     .   (no cloak)
rCorr   .          Rampage  .   (no gloves)
Will    .....                   (no boots)
Stlth   ..........              (no amulet)
HPRegen 0.09/turn               (no ring)
MPRegen 0.08/turn               (no ring)

@: mighty, lethally poisoned (-1 -> -14)
A: claws 1, demonic magic 1
a: no special abilities


You were on level 2 of the Dungeon.
You visited 1 branch of the dungeon, and saw 2 of its levels.

You collected 119 gold pieces.

Inventory:

Hand Weapons
 a - a +0 flail (weapon)
Armour
 b - a +0 scale mail (worn)
 c - a +0 buckler
Jewellery
 k - an amulet of reflection
Wands
 l - a wand of polymorph (10)
Scrolls
 e - a scroll of teleportation {unknown}
 f - a scroll of fog {unknown}
 g - a scroll of vulnerability {unknown}
 h - 3 scrolls of identify {unknown}
 i - a scroll of immolation
 j - a scroll of brand weapon {unknown}


   Skills:
 + Level 3.1 Fighting
 + Level 3.1 Maces & Flails
 - Level 2.6 Armour
 + Level 1.4 Dodging
 - Level 2.6 Shields
 + Level 0.3 Unarmed Combat


You had 2 spell levels left.
You didn't know any spells.
Your spell library contained the following spells:

 Spells                   Type           Power      Damage    Failure   Level
 Fireball                 Conj/Fire      0%         3d3       100%        5
 Starburst                Conj/Fire      0%         6d3       100%        6
 Ignition                 Fire           0%         3d3       100%        8


Dungeon Overview and Level Annotations

Branches:
Dungeon (2/15)

Altars:


Innate Abilities, Weirdness & Mutations

You have sharp fingernails.
Spells you cast may paralyse adjacent enemies.


Message History

You hit the worm.
The worm is moderately wounded.
The goblin barely misses you. The worm misses you.
The goblin hits you but does no damage.
You hit the worm but do no damage.
The worm is moderately wounded.
The goblin barely misses you. The worm bites you.
You hit the worm but do no damage.
The worm is moderately wounded.
The goblin hits you with a +0 club. The worm misses you.
You sock the worm!
The worm is almost dead.
The adder completely misses you. The goblin barely misses you.
The adder bites you.
You barely miss the worm.
The worm is almost dead.
The goblin hits you but does no damage. The adder closely misses you.
The worm bites you but does no damage. The goblin hits you but does no damage.
You barely miss the worm. You claw the worm.
The worm is almost dead.
The adder barely misses you. The worm bites you. The adder bites you.
* * * LOW HITPOINT WARNING * * *
The goblin barely misses you.
You hit the worm.
You kill the worm!
The adder bites you.
* * * LOW HITPOINT WARNING * * *
You are poisoned.
The adder poisons you! The goblin barely misses you.
The adder barely misses you.
You closely miss the adder.
* * * LOW HITPOINT WARNING * * *
You feel sick. The goblin hits you with a +0 club.
* * * LOW HITPOINT WARNING * * *
The adder bites you.
* * * LOW HITPOINT WARNING * * *
You are more poisoned.
The adder poisons you!
You feel very mighty all of a sudden.
You die...

#.# ..#..###..
.##.#
.....#...##.##.#
.##....#.....##.#
.......#....##.#
#..._....+.##.#
.##....#.....##(#
.....#S......##.#
#....@.....##.#
##..g#..#...#.#
#.#..#...#....#
............##.#
# ..............#
#.#############.#
# ###


You could see an adder and a goblin.

Vanquished Creatures
  2 worms (D:2)
  2 dart slugs (D:1)
  4 orcs (D:2)
  4 ball pythons (D:1)
  2 endoplasms (D:1)
  3 giant cockroaches (D:1)
  4 goblins
  4 hobgoblins
  5 jackals (D:1)
  A kobold (D:1)
  4 bats
  2 rats
37 creatures vanquished.

Vanquished Creatures (others)
  10 plants (D:1)
10 creatures vanquished.

Grand Total: 47 creatures vanquished

Notes
Turn   | Place    | Note
-------+----------+-------------------------------------------
     0 | D:1      | crazypyro the Demonspawn Fighter began the quest for the
                  | Orb.
     0 | D:1      | Reached XP level 1. HP: 18/18 MP: 1/1
    81 | D:1      | Gained mutation: Spells you cast may paralyse adjacent
                  | enemies. [demonic ancestry]
    81 | D:1      | Reached XP level 2. HP: 9/24 MP: 2/2
   471 | D:1      | Reached skill level 1 in Dodging
   764 | D:1      | Gained mutation: You have sharp fingernails. [demonic
                  | ancestry]
   764 | D:1      | Reached XP level 3. HP: 24/29 MP: 3/3
  2045 | D:2      | Found a faded altar of an unknown god.
  2060 | D:2      | HP: 1/29 [adder (2)]
  2061 | D:2      | Succumbed to an adder's poison

Illustrated notes

Levels and vault maps discovered:
D:1:      tarquinn_simple_flora_water_a, layout_loops_ring,
          serial_co_window_serial, co_window_corner_a, co_window_corner_a,
          co_window_paths_a, co_window_paths_a, co_window_corner_a,
          co_window_corner_a, co_window_corner_a, co_window_paths_a,
          co_window_paths_a, co_window_2corner, co_window_unsneaky_path_c,
          co_window_cross_4, glass_columns_c, glass_columns_c, glass_columns_b,
          minmay_octomino_e4
D:2:      layout_basic, hellmonk_ecumenical_altar_blasted

Skill      XL: |  1  2  3 |
---------------+----------+-----
Maces & Flails | 2 3 |  3.1
Dodging        | 1 |  1.4
Fighting       | |  3.1
Armour         | |  2.6
Shields        | |  2.6
Unarmed Combat | |  0.3

Action                   || total
-------------------------++-------
Melee: Flail             ||   130
       Punch             ||     1
  Use: Potion            ||     1
Armor: Scale mail        ||    77
Dodge: Dodged            ||    80
Block: Buckler           ||    26
